 Dungeon Crawl Stone Soup version 0.29-a0-575-g0dc89cf053 (webtiles) character file.

Game seed: 13571185459165889344

1328 spaghetti the Bolt Thrower (level 8, -5/54 (58) HPs)
             Began as a Gnoll Wanderer on June 12, 2022.
             Was an Initiate of Cheibriados.
             Slain by a wight
             ... wielding a +4 war axe of freezing
              (9 damage)
             ... on level 6 of the Dungeon.
             The game lasted 00:08:34 (5808 turns).

spaghetti the Bolt Thrower (Gnoll Wanderer)         Turns: 5808, Time: 00:08:35

HP:   -5/54 (58)    AC:  5    Str: 16    XL:     8   Next: 60%
MP:   13/13         EV: 14    Int: 16    God:    Cheibriados [......]
Gold: 249           SH:  5    Dex: 16    Spells: 13/13 levels left

rFire   . . .      SeeInvis .   b - +0 falchion {long}
rCold   . . .      Faith    .   (no shield)
rNeg    . . .      Spirit   .   e - +0 leather armour
rPois   .          Reflect  +   (no helmet)
rElec   .          Harm     .   (no cloak)
rCorr   .          Rampage  .   (no gloves)
Will    .....                   c - +1 pair of boots
Stlth   +++.......              v - amulet of reflection
HPRegen 0.18/turn               l - +6 ring of intelligence
MPRegen 0.13/turn               (no ring)

@: drained, very slow
A: fangs 1, strong nose, distributed training, sense surroundings 1, strong 1,
subdued magic 1
a: Renounce Religion


You were on level 6 of the Dungeon.
You worshipped Cheibriados.
Cheibriados was noncommittal.
You visited 2 branches of the dungeon, and saw 7 of its levels.

You collected 249 gold pieces.


Innate Abilities, Weirdness & Mutations

You have very sharp teeth.
Your uncanny sense of smell can sniff out nearby items.
Your experience applies equally to all skills.
You passively map a small area around you.
Your muscles are strong. (Str +2)
Your spells are a little easier to cast, but a little less powerful.


   Skills:
 + Level 3.4 Fighting
 + Level 3.4 Short Blades
 + Level 7.4 Long Blades
 + Level 3.4 Axes
 + Level 3.4 Maces & Flails
 + Level 3.4 Polearms
 + Level 3.4 Staves
 + Level 3.4 Slings
 + Level 3.4 Bows
 + Level 7.4 Crossbows
 + Level 3.4 Throwing
 + Level 4.3 Armour
 + Level 5.8 Dodging
 + Level 4.2 Stealth
 + Level 3.4 Shields
 + Level 3.4 Unarmed Combat
 + Level 3.4 Spellcasting
 + Level 2.8 Conjurations
 + Level 2.8 Hexes
 + Level 2.8 Summonings
 + Level 2.8 Necromancy
 + Level 2.8 Translocations
 + Level 2.8 Transmutations
 + Level 2.8 Fire Magic
 + Level 2.8 Ice Magic
 + Level 2.8 Air Magic
 + Level 2.8 Earth Magic
 + Level 2.8 Poison Magic
 + Level 3.7 Invocations
 + Level 3.4 Evocations


You had 13 spell levels left.
You didn't know any spells.
Your spell library contained the following spells:

 Spells                   Type           Power      Damage    Failure   Level
 Apportation              Tloc           18%        N/A       5%          1
 Necrotize                Necr           36%        1d5       5%          1
 Summon Small Mammal      Summ           36%        N/A       5%          1
 Ozocubu's Armour         Ice            9%         N/A       17%         3
 Ozocubu's Refrigeration  Ice            4%         4d5       100%        7

Inventory:

Hand Weapons
 a - a +4 hand crossbow {crossbow}
 b - a +0 falchion (weapon) {long}
 n - a +4 club {mace}
   (You took it off Jessica on level 3 of the Dungeon)
 s - a +0 broad axe {axe}
   (You found it on level 3 of the Dungeon)
Missiles
 f - 8 poisoned darts {throwing}
 i - 223 stones {throwing}
 m - 4 atropa-tipped darts {throwing}
 w - a throwing net {=f!fthrowing}
Armour
 c - a +1 pair of boots (worn)
 e - a +0 leather armour (worn)
Jewellery
 l - a +6 ring of intelligence (left hand)
   (You took it off a hobgoblin on level 2 of the Dungeon)
 o - a ring of willpower
   (You found it on level 5 of the Dungeon)
 v - an amulet of reflection (around neck)
   (You took it off a goblin on level 4 of the Dungeon)
Wands
 h - a wand of iceblast (8)
   (You found it on level 3 of the Dungeon)
 q - a wand of flame (25)
   (You took it off Terence on level 3 of the Dungeon)
 r - a wand of paralysis (8)
   (You found it on level 4 of the Dungeon)
Scrolls
 d - 2 scrolls of blinking {!r}
 p - a scroll of immolation {unknown}
 u - a scroll of poison {unknown}
Potions
 g - 2 potions of magic
 j - 2 potions of ambrosia
 k - a potion of brilliance
 t - 2 potions of curing {@q1}

Dungeon Overview and Level Annotations

Branches:
Dungeon (6/15)             Temple (1/1) D:5

Altars:
Ashenzari
Cheibriados
Dithmenos
Elyvilon
Fedhas
Gozag
Kikubaaqudgha
Makhleb
Nemelex Xobeh
Okawaru
Qazlal
Ru
Sif Muna
Trog
Vehumet
Wu Jian
Yredelemnul
Zin
The Shining One

Shops:
D:4

[ ***
,..>..#.....#.. *
* *
.............#,,,
.............###
,
...............<
................
................
,
...........$....
....<..z@.......
.............###
* .....#.....#.#
,, .###
#####.#,.# * * *
.# ∆ ##* ∆ ** * *
∆ , * *


You could see a wight.


Message History

There is a snail-covered altar of Cheibriados here.
You kneel at the altar of Cheibriados.
Cheibriados welcomes you!
Cheibriados begins to support your attributes as your movement slows.
Cheibriados is now slowing the effects of poison on you.
Unknown command.
Press < or > to pray at altars.
(D) Dungeon (T) Temple
Where to? (Enter - Temple @ (x,y), ? - help)
There is a staircase back to the Dungeon here.
You climb upwards.
Welcome back to the Dungeon!
There is a staircase to the Ecumenical Temple here.
Unknown command.
Unknown command.
Unknown command.
Done exploring.
Done exploring.
Done exploring.
Done exploring.
Done exploring.
(D) Dungeon (T) Temple
Where to? (Enter - D:5, ? - help)
There is an open door here.
There is an open door here.
There is a stone staircase leading down here.
You climb downwards.
Found 8 gold pieces.
Found an escape hatch in the floor.
Found a stone staircase leading up.
There is a stone staircase leading up here.
There are monsters nearby!
Unknown command.
There are monsters nearby!
You shoot a bolt. The bolt hits the adder.
You shoot a bolt. The bolt closely misses the adder.
The adder barely misses you. The adder misses you.
You shoot a bolt. The bolt misses the adder.
The adder completely misses you.
You shoot a bolt. The bolt closely misses the adder.
You block the adder's attack. The adder bites you but does no damage.
You shoot a bolt. The bolt closely misses the adder.
The adder barely misses you.
You shoot a bolt. The bolt barely misses the adder.
The adder closely misses you. The adder barely misses you.
The wight barely misses you.
You shoot a bolt. The bolt hits the adder.
You block the adder's attack. The wight closely misses you.
You shoot a bolt. The bolt barely misses the adder.
The adder barely misses you.
The wight hits you with a +4 war axe of freezing!
The wight freezes you. The adder misses you.
You are too injured to fight recklessly!
You are too injured to fight recklessly!
You are too injured to fight recklessly!
You are too injured to fight recklessly!
You are too injured to fight recklessly!
You are too injured to fight recklessly!
You are too injured to fight recklessly!
You are too injured to fight recklessly!
You are too injured to fight recklessly!
You are too injured to fight recklessly! 😮 HP[-15]
You take 15 damage, and now have 43/58 hp.
MASSIVE DAMAGE!! (PAUSE)
b - a +0 falchion (weapon)
{long} The adder barely misses you.
You block the wight's attack.
You slash the adder!
You kill the adder!
Cheibriados appreciates the change of pace.
The wight closely misses you. 😕 HP[+1]
Found an escape hatch in the ceiling.
You see here an adder corpse.
You slash the wight!
The wight hits you with a +4 war axe of freezing!
You feel drained. The wight freezes you. 😮 HP[-14]
You now have 56 max hp (-2).
You take 14 damage, and now have 30/56 hp.
MASSIVE DAMAGE!! (PAUSE)
You hit the wight but do no damage.
The wight hits you with a +4 war axe of freezing!
* * * LOW HITPOINT WARNING * * *
The wight freezes you.
* * * LOW HITPOINT WARNING * * *
😨 HP[-11]
You take 11 damage, and now have 19/56 hp.
You hit the wight but do no damage. You bite the wight.
The wight hits you with a +4 war axe of freezing!
* * * LOW HITPOINT WARNING * * *
You feel drained.
* * * LOW HITPOINT WARNING * * *
The wight freezes you.
* * * LOW HITPOINT WARNING * * *
😱 HP[-16]
You now have 54 max hp (-2).
You take 16 damage, and now have 3/54 hp.
MASSIVE DAMAGE!! (PAUSE)
You hit the wight.
The wight hits you with a +4 war axe of freezing!
You die...

Skill      XL: |  1  2  3  4  5  6  7  8 |
---------------+-------------------------+-----
Invocations    | 1 2 3 |  3.7
Fighting       | 1 2 3 |  3.4
Short Blades   | 1 2 3 |  3.4
Axes           | 1 2 3 |  3.4
Maces & Flails | 1 2 3 |  3.4
Polearms       | 1 2 3 |  3.4
Staves         | 1 2 3 |  3.4
Slings         | 1 2 3 |  3.4
Bows           | 1 2 3 |  3.4
Throwing       | 1 2 3 |  3.4
Shields        | 1 2 3 |  3.4
Unarmed Combat | 1 2 3 |  3.4
Spellcasting   | 1 2 3 |  3.4
Evocations     | 1 2 3 |  3.4
Conjurations   | 1 2 |  2.8
Hexes          | 1 2 |  2.8
Summonings     | 1 2 |  2.8
Necromancy     | 1 2 |  2.8
Translocations | 1 2 |  2.8
Transmutations | 1 2 |  2.8
Fire Magic     | 1 2 |  2.8
Ice Magic      | 1 2 |  2.8
Air Magic      | 1 2 |  2.8
Earth Magic    | 1 2 |  2.8
Poison Magic   | 1 2 |  2.8
Armour         | 3 4 |  4.3
Dodging        | 5 |  5.8
Stealth        | 3 4 |  4.2
Long Blades    | 7 |  7.4
Crossbows      | 7 |  7.4

Action                   |  1- 3 |  4- 6 |  7- 9 || total
-------------------------+-------+-------+-------++-------
Melee: Falchion          |    11 |    43 |    49 ||   103
       Bite              |     1 |     4 |     4 ||     9
       Punch             |     1 |       |       ||     1
 Fire: Hand crossbow     |   107 |    78 |   179 ||   364
Evoke: Wand              |       |    11 |     1 ||    12
  Use: Scroll            |     1 |     9 |     1 ||    11
       Potion            |       |     2 |     5 ||     7
 Stab: Paralysed         |       |       |     1 ||     1
Armor: Leather armour    |    20 |    12 |    42 ||    74
Dodge: Dodged            |    42 |    44 |   113 ||   199
Block: Other             |       |       |    15 ||    15

Levels and vault maps discovered:
D:1:      nagdon_arrival_double_spiral, layout_rooms, minmay_misc_feat_five,
          minmay_misc_feat_alley
D:2:      layout_loops_ring, dreamdust_princess_bridge, minmay_surrounded,
          uniq_robin
D:3:      layout_basic, uniq_terence, uniq_jessica, uniq_sigmund
D:4:      layout_basic, nicolae_overflow_hidden_temple,
          mainiacjoe_overflow_small_starburst, serial_shops, nicolae_shop_stone,
          uniq_duvessa, uniq_ijyb, uniq_natasha
D:5:      black_bear_nest_2, layout_basic, mainiacjoe_overflow_alcove_3,
          minmay_temple_entry_glassed_door, minmay_misc_feat_hallway
D:6:      due_chaos_kobolds, layout_rooms
Temple:   cyrus_circular_temple

Notes
Turn   | Place    | Note
-------+----------+-------------------------------------------
     0 | D:1      | spaghetti the Gnoll Wanderer began the quest for the Orb.
     0 | D:1      | spaghetti set off with the following items: a +2 hand
                  | crossbow {crossbow}, a +0 falchion {long}, a +0 pair of
                  | boots, a scroll of blinking {!r}, a +0 leather armour
     0 | D:1      | Reached XP level 1. HP: 13/13 MP: 1/1
     0 | D:1      | magus.rc [v1.9.6]
   161 | D:1      | Reached XP level 2. HP: 19/19 MP: 2/2
   371 | D:1      | Reached XP level 3. HP: 25/25 MP: 3/3
   738 | D:2      | Reached skill level 1 in Invocations
   856 | D:2      | Noticed Robin
   857 | D:2      | Reached skill level 1 in Fighting
   857 | D:2      | Reached skill level 1 in Short Blades
   857 | D:2      | Reached skill level 1 in Axes
   857 | D:2      | Reached skill level 1 in Maces & Flails
   857 | D:2      | Reached skill level 1 in Polearms
   857 | D:2      | Reached skill level 1 in Staves
   857 | D:2      | Reached skill level 1 in Slings
   857 | D:2      | Reached skill level 1 in Bows
   857 | D:2      | Reached skill level 1 in Throwing
   857 | D:2      | Reached skill level 1 in Shields
   857 | D:2      | Reached skill level 1 in Unarmed Combat
   857 | D:2      | Reached skill level 1 in Spellcasting
   857 | D:2      | Reached skill level 1 in Evocations
  1080 | D:2      | Reached XP level 4. HP: 32/32 MP: 5/5
  1119 | D:2      | Killed Robin
  1156 | D:2      | Reached skill level 1 in Conjurations
  1156 | D:2      | Reached skill level 1 in Hexes
  1156 | D:2      | Reached skill level 1 in Summonings
  1156 | D:2      | Reached skill level 1 in Necromancy
  1156 | D:2      | Reached skill level 1 in Translocations
  1156 | D:2      | Reached skill level 1 in Transmutations
  1156 | D:2      | Reached skill level 1 in Fire Magic
  1156 | D:2      | Reached skill level 1 in Ice Magic
  1156 | D:2      | Reached skill level 1 in Air Magic
  1156 | D:2      | Reached skill level 1 in Earth Magic
  1156 | D:2      | Reached skill level 1 in Poison Magic
  1468 | D:2      | Reached XP level 5. HP: 18/37 MP: 5/7
  2060 | D:3      | Noticed Jessica
  2069 | D:3      | Killed Jessica
  2070 | D:3      | Reached skill level 3 in Armour
  2166 | D:3      | Noticed Terence
  2182 | D:3      | Killed Terence
  2308 | D:3      | Noticed Sigmund
  2318 | D:3      | Killed Sigmund
  2319 | D:3      | Reached skill level 2 in Fighting
  2319 | D:3      | Reached skill level 2 in Short Blades
  2319 | D:3      | Reached skill level 2 in Axes
  2319 | D:3      | Reached skill level 2 in Maces & Flails
  2319 | D:3      | Reached skill level 2 in Polearms
  2319 | D:3      | Reached skill level 2 in Staves
  2319 | D:3      | Reached skill level 2 in Slings
  2319 | D:3      | Reached skill level 2 in Bows
  2319 | D:3      | Reached skill level 2 in Throwing
  2319 | D:3      | Reached skill level 5 in Dodging
  2319 | D:3      | Reached skill level 3 in Stealth
  2319 | D:3      | Reached skill level 2 in Shields
  2319 | D:3      | Reached skill level 2 in Unarmed Combat
  2319 | D:3      | Reached skill level 2 in Spellcasting
  2319 | D:3      | Reached skill level 2 in Invocations
  2319 | D:3      | Reached skill level 2 in Evocations
  2319 | D:3      | Reached XP level 6. HP: 32/44 MP: 7/9
  2523 | D:4      | Noticed Duvessa
  2526 | D:4      | Noticed Dowan
  2667 | D:4      | Killed Dowan
  2671 | D:4      | HP: 2/44 [Duvessa/+0 rapier (14)]
  2673 | D:4      | Killed Duvessa
  2674 | D:4      | Reached skill level 7 in Long Blades
  2674 | D:4      | Reached skill level 7 in Crossbows
  2674 | D:4      | Reached XP level 7. HP: 2/51 MP: 10/10
  3015 | D:4      | Found Zoxon's Antique Armour Shoppe.
  3047 | D:4      | Noticed Ijyb
  3050 | D:4      | Paralysed by Ijyb for 4 turns
  3059 | D:4      | Killed Ijyb
  3060 | D:4      | Reached skill level 2 in Conjurations
  3060 | D:4      | Reached skill level 2 in Hexes
  3060 | D:4      | Reached skill level 2 in Summonings
  3060 | D:4      | Reached skill level 2 in Necromancy
  3060 | D:4      | Reached skill level 2 in Translocations
  3060 | D:4      | Reached skill level 2 in Transmutations
  3060 | D:4      | Reached skill level 2 in Fire Magic
  3060 | D:4      | Reached skill level 2 in Ice Magic
  3060 | D:4      | Reached skill level 2 in Air Magic
  3060 | D:4      | Reached skill level 2 in Earth Magic
  3060 | D:4      | Reached skill level 2 in Poison Magic
  3069 | D:4      | Found a sparkling altar of Nemelex Xobeh.
  3093 | D:4      | Noticed Natasha
  3095 | D:4      | Killed Natasha
  3127 | D:4      | Found a radiant altar of Vehumet.
  3566 | D:4      | Noticed Natasha
  3571 | D:4      | Killed Natasha
  3572 | D:4      | Reached skill level 3 in Invocations
  3725 | D:4      | Noticed Natasha
  3730 | D:4      | Killed Natasha
  3914 | D:5      | Entered Level 5 of the Dungeon
  3998 | D:5      | Found an iron altar of Okawaru.
  4134 | D:5      | HP: 10/51 [black bear (4)]
  4134 | D:5      | HP: 3/51 [black bear (2)]
  4136 | D:5      | Gained mutation: Your muscles are strong. (Str +2) [potion
                  | of mutation]
  4136 | D:5      | Gained mutation: Your spells are a little easier to cast,
                  | but a little less powerful. [potion of mutation]
  4136 | D:5      | Gained mutation: You passively map a small area around you.
                  | [potion of mutation]
  4139 | D:5      | Reached skill level 4 in Armour
  4139 | D:5      | Reached XP level 8. HP: 5/57 MP: 12/12
  4458 | D:5      | Found a bloodstained altar of Trog.
  4460 | D:5      | Found a sacrificial altar of Ru.
  4461 | D:5      | Found an opulent altar of Gozag.
  4479 | D:5      | Reached skill level 3 in Fighting
  4479 | D:5      | Reached skill level 3 in Short Blades
  4479 | D:5      | Reached skill level 3 in Axes
  4479 | D:5      | Reached skill level 3 in Maces & Flails
  4479 | D:5      | Reached skill level 3 in Polearms
  4479 | D:5      | Reached skill level 3 in Staves
  4479 | D:5      | Reached skill level 3 in Slings
  4479 | D:5      | Reached skill level 3 in Bows
  4479 | D:5      | Reached skill level 3 in Throwing
  4479 | D:5      | Reached skill level 3 in Shields
  4479 | D:5      | Reached skill level 3 in Unarmed Combat
  4479 | D:5      | Reached skill level 3 in Spellcasting
  4479 | D:5      | Reached skill level 3 in Evocations
  4776 | D:5      | Reached skill level 4 in Stealth
  5080 | D:5      | You add the spells Ozocubu's Armour and Ozocubu's
                  | Refrigeration to your library.
  5300 | D:5      | Found a staircase to the Ecumenical Temple.
  5587 | D:5      | You pick up a book of Cantrips and begin reading...
  5587 | D:5      | You add the spells Necrotize, Summon Small Mammal and
                  | Apportation to your library.
  5716 | Temple   | Entered the Ecumenical Temple
  5779 | Temple   | Became a worshipper of Cheibriados the Contemplative
  5807 | D:6      | HP: 10/56 [wight/+4 war axe of freezing (9)]
  5807 | D:6      | HP: 3/54 [wight/+4 war axe of freezing (3)]
  5808 | D:6      | Slain by a wight

Vanquished Creatures
  Sigmund (D:3)
  Duvessa (D:4)
  A black bear (D:5)
  An ogre (D:5)
  A phantom (D:4)
  2 scorpions (D:5)
  Dowan (D:4)
  5 hounds
  An orc priest (D:5)
  Jessica (D:3)
  An iguana (D:2)
  Terence (D:3)
  Ijyb (D:4)
  Natasha (thrice) (D:4)
  3 orc wizards
  Robin (D:2)
  4 adders
  4 gnolls (D:5)
  2 ufetubi (D:5)
  3 worms
  3 dart slugs
  5 orcs
  12 ball pythons
  6 endoplasms
  4 giant cockroaches
  17 goblins
  15 hobgoblins
  8 jackals
  A quokka (D:1)
  3 bats
  7 frilled lizards
  4 kobolds
  4 rats
127 creatures vanquished.

Table legend:
 A = Non-vault XP
 B = Vault XP
 C = Vault XP percentage of total XP
 D = Non-vault monster count
 E = Vault monster count
 F = Vault count percentage of total count
                 A         B        C        D         E       F
            +---------+---------+-------+---------+---------+-------
      Total |    1144 |     754 |  39.7 |     103 |      24 |  18.9
            +---------+---------+-------+---------+---------+-------
        D:1 |      47 |       2 |   4.1 |      27 |       1 |   3.6
        D:2 |      92 |      47 |  33.8 |      21 |      15 |  41.7
        D:3 |      55 |     296 |  84.3 |      19 |       3 |  13.6
        D:4 |     271 |     278 |  50.6 |      16 |       4 |  20.0
        D:5 |     665 |     131 |  16.5 |      19 |       1 |   5.0
        D:6 |      14 |       0 |   0.0 |       1 |       0 |   0.0
            +---------+---------+-------+---------+---------+-------

Illustrated notes

Table legend:
 A = Kills in this place as a percentage of kills in entire the game.
 B = Kills by you in this place as a percentage of kills by you in the entire game.
 C = Kills by friends in this place as a percentage of kills by friends in the entire game.
 D = Other kills in this place as a percentage of other kills in the entire game.
 E = Experience gained in this place as a percentage of experience gained in the entire game.
 F = Experience gained in this place divided by the number of levels of this place that you have seen.
                   A       B       C       D       E      F
               +-------+-------+-------+-------+-------+----------------------
         Total | 100.0 | 100.0 |   N/A |   N/A | 100.0 | 271.1
       Dungeon | 100.0 | 100.0 |   N/A |   N/A | 100.0 | 316.3
               +-------+-------+-------+-------+-------+----------------------

Table legend: (Time is in decaauts)
 A = Elapsed time spent in this place.
 B = Non-inter-level travel time spent in this place.
 C = Inter-level travel time spent in this place.
 D = Time resting spent in this place.
 E = Time spent auto-exploring this place.
 F = Levels seen in this place.
 G = Mean time per level.
                   A        B        C        D        E       F      G
               +--------+--------+--------+--------+--------+-----+--------+
         Total |   5876 |   5725 |    151 |    472 |   4436 |   7 |  839.4 |
       Dungeon |   5803 |   5675 |    128 |    472 |   4394 |   6 |  967.2 |
        Temple |     72 |     49 |     23 |      0 |     42 |   1 |   72.0 |
               +--------+--------+--------+--------+--------+-----+--------+

Top non-repeatable levels by time:
     D:5: 1828 daAuts
     D:3: 1120 daAuts
     D:4: 996 daAuts
     D:2: 962 daAuts
     D:1: 879 daAuts
  Temple: 72 daAuts
     D:6: 15 daAuts
